 Dungeon Crawl Stone Soup version 0.31-a0-214-gb37851dbb3 (webtiles) character file.

Game seed: 4614973833541807538

154 qw the Shooter (level 5, -1/30 HPs)
             Began as a Gargoyle Hexslinger on July 1, 2023.
             Slain by an orc
             ... wielding a +0 trident
              (3 damage)
             ... on level 4 of the Dungeon.
             The game lasted 00:01:02 (2696 turns).

qw the Shooter (Gargoyle Hexslinger)                Turns: 2696, Time: 00:01:02

Health: -1/30      AC:  9    Str: 11    XL:     5   Next: 36%
Magic:  6/6        EV: 10    Int: 14    God:
Gold:   140        SH:  0    Dex: 14    Spells: 5/6 levels left

rFire   . . .        Y - +2 sling
rCold   . . .        (no shield)
rNeg    + . .        a - +0 ring mail
rPois   inf          (no helmet)
rElec   +            (no cloak)
rCorr   .            (no gloves)
SInv    .            (no boots)
Will    .....        (no amulet)
Stlth   +            (no ring)
HPRegen 0.25/turn    (no ring)
MPRegen 0.10/turn

%: no passive effects
@: no status effects
A: sickness immunity, AC +4, negative energy resistance 1, electricity
resistance, torment resistance 1, petrification resistance
a: no special abilities


You were on level 4 of the Dungeon.
You visited 1 branch of the dungeon, and saw 4 of its levels.

You collected 236 gold pieces.
You spent 96 gold pieces at shops.


Innate Abilities, Weirdness & Mutations

You are immune to sickness and miasma.
Your stone body is resilient. (AC +4)
You are immune to poison.
You resist negative energy. (rN+)
You are resistant to electric shocks. (rElec)
You are resistant to unholy torment.
You are immune to petrification.


   Skills:
 - Level 2.0 Fighting
 + Level 4.9 Ranged Weapons
 - Level 1.3 Armour
 - Level 1.5 Dodging
 - Level 1.0 Spellcasting
 - Level 2.6 Hexes


You had 5 spell levels left.
You knew the following spells:

 Your Spells              Type           Power      Damage    Failure   Level
a - Slow                  Hex            32%        N/A       21%         1

Your spell library contained the following spells:

 Spells                   Type           Power      Damage    Failure   Level
 Inner Flame              Hex/Fire       4%         N/A       71%         3
 Portal Projectile        Hex/Tloc       8%         N/A       71%         3
 Cause Fear               Hex            4%         N/A       90%         4

Inventory:

Hand Weapons
 Y - a +2 sling (weapon)
Armour
 a - a +0 ring mail (worn)
Jewellery
 e - an amulet of reflection
Scrolls
 b - 2 scrolls of identify
 c - a scroll of torment {unknown}
Potions
 d - 4 potions of curing
 f - a potion of enlightenment
 h - a potion of cancellation

Dungeon Overview and Level Annotations

Branches:
Dungeon (4/15)
 Temple: D:4-7

Altars:

Shops:
D:2 !


Message History

You shoot a sling bullet.
The sling bullet closely misses the orc priest.
The sling bullet hits the orc priest.
The orc priest is lightly wounded.
The orc priest calls upon Beogh to heal the orc priest.
The orc priest's wounds heal themselves!
You shoot a sling bullet.
The sling bullet closely misses the orc priest.
The sling bullet hits the orc priest.
The orc priest is lightly wounded.
The orc priest hits you but does no damage.
You shoot a sling bullet. The sling bullet hits the orc priest.
The orc priest is severely wounded.
The orc priest closely misses you.
The orc priest hits you with a +0 dagger.
You shoot a sling bullet. The sling bullet hits the orc priest.
The orc priest is almost dead.
An orc comes into view. It is wielding a +0 trident.
The orc priest invokes the aid of Beogh against you.
You are unaffected.
The orc priest calls down the wrath of Beogh upon you.
Beogh smites you!
You shoot a sling bullet.
The sling bullet barely misses the orc priest.
The orc priest hits you but does no damage.
The orc misses you. The orc priest closely misses you.
You shoot a sling bullet.
The sling bullet hits the orc priest but does no damage.
The orc priest is almost dead.
The orc hits you but does no damage.
The orc priest hits you with a +0 short sword.
The orc priest looks encouraged for a moment.
The orc closely misses you.
The orc priest hits you but does no damage. x2
You shoot a sling bullet.
The sling bullet closely misses the orc priest.
The orc priest invokes the aid of Beogh against you.
Beogh smites you!
The orc hits you from afar with a +0 trident.
You die...

.###.........#### ##.
#...###...###...###.....
..<....###.........##
#...###...###...###.##
.###.........###.....#
#...###...###.#......# #
......
###.....#.....#...
#...## #......#......#
.###.. #.....#@o...##
..#... #......#o###.#
).)# #....o###o. ..#
...# ..#.### .)...# ...#
# .....# ###.# .....? ##
.....# #.###.


You could see 3 orc priests and an orc.

Vanquished Creatures
  A hound (D:3)
  3 gnolls (D:4)
  4 adders
  A worm (D:2)
  4 endoplasms
  5 giant cockroaches
  4 goblins
  6 hobgoblins
  3 jackals (D:3)
  9 kobolds
  3 quokkas
  6 ball pythons
  3 bats
  3 frilled lizards
  3 rats
58 creatures vanquished.

Notes
Turn   | Place    | Note
-------+----------+-------------------------------------------
     0 | D:1      | qw the Gargoyle Hexslinger began the quest for the Orb.
     0 | D:1      | Reached XP level 1. HP: 12/12 MP: 2/2
     0 | D:1      | 0 ||| qw: Version: 0.3-a-32-g5962c71
     0 | D:1      | 0 ||| qw: Game counter: 7686
     0 | D:1      | 0 ||| qw: Melee chars always use a shield: true
     0 | D:1      | 0 ||| qw: God list: Okawaru
     0 | D:1      | 0 ||| qw: Allow faded altars: false
     0 | D:1      | 0 ||| qw: Do Orc after clearing Dungeon:15 true
     0 | D:1      | 0 ||| qw: Do second Lair branch before Depths: true
     0 | D:1      | 0 ||| qw: Lair rune preference: random
     0 | D:1      | 0 ||| qw: Goals: Normal
     0 | D:1      | 0 ||| PLANNING D:1-11
   122 | D:1      | Reached XP level 2. HP: 16/16 MP: 3/3
   216 | D:1      | Reached skill level 3 in Ranged Weapons
   386 | D:1      | Reached XP level 3. HP: 21/21 MP: 4/4
   620 | D:1      | 620 ||| UPGRADING to +0 leather armour.
   630 | D:1      | 630 ||| DROPPING +0 robe.
   631 | D:1      | 631 ||| READING scroll labelled AFAGUMNI BEIF.
   632 | D:1      | 632 ||| READING scroll labelled HUDIXTOBOS.
   633 | D:1      | 633 ||| READING scroll labelled VYMPINK EBIUQ.
   634 | D:1      | 634 ||| READING scroll labelled VIHIMN WANIL.
   635 | D:1      | 635 ||| DRINKING 2 sedimented golden potions.
   645 | D:1      | 645 ||| DROPPING scroll of poison.
   646 | D:1      | 646 ||| DROPPING potion of ambrosia.
  1222 | D:2      | Reached XP level 4. HP: 25/26 MP: 5/5
  1280 | D:2      | Found Taohiraa's Distillery.
  1289 | D:2      | 1289 ||| BUYING potion of curing (36 gold).
  1289 | D:2      | Bought a potion of curing for 36 gold pieces
  1289 | D:2      | 1289 ||| BUYING potion of enlightenment (60 gold).
  1289 | D:2      | Bought a potion of enlightenment for 60 gold pieces
  1289 | D:2      | 1289 ||| SHOPLISTING potion of haste (120 gold, have 25).
  1289 | D:2      | 1289 ||| SHOPLISTING potion of mutation (96 gold, have 25).
  1289 | D:2      | 1289 ||| SHOPLISTING potion of resistance (120 gold, have
                  | 25).
  1401 | D:2      | Identified the +6 short sword "Roabi" {spect, rCorr}
  1589 | D:2      | 1589 ||| UPGRADING to +0 ring mail.
  1599 | D:2      | 1599 ||| DROPPING +0 leather armour.
  1600 | D:2      | 1600 ||| READING scroll labelled LAFELA SEUR.
  1601 | D:2      | 1601 ||| READING 2 scrolls of identify.
  1601 | D:2      | 1601 ||| IDENTIFYING fuming silvery potion
  1602 | D:2      | 1602 ||| DROPPING potion of berserk rage.
  1635 | D:3      | Reached skill level 4 in Ranged Weapons
  2288 | D:3      | Reached skill level 1 in Armour
  2375 | D:3      | Reached XP level 5. HP: 30/30 MP: 6/6
  2429 | D:3      | 2429 ||| READING scroll labelled GACRILENGE.
  2430 | D:3      | 2430 ||| READING scroll labelled VUCWUA ZYUTHUZ.
  2433 | D:3      | 2433 ||| READING scroll labelled ODWINL DIFF.
  2434 | D:3      | 2434 ||| READING 3 scrolls of identify.
  2434 | D:3      | 2434 ||| IDENTIFYING ruby potion
  2496 | D:4      | HP: 6/30 [gnoll/+0 quarterstaff (7)]
  2501 | D:4      | HP: 2/30 [gnoll/+0 quarterstaff (2)]
  2685 | D:4      | 2685 ||| Stepping ~*~*~tactically~*~*~ (outnumbered).
  2688 | D:4      | 2688 ||| Stepping ~*~*~tactically~*~*~ (outnumbered).
  2696 | D:4      | HP: 2/30 [orc priest/divine providence (14)]
  2696 | D:4      | Slain by an orc

Levels and vault maps discovered:
D:1:      dpeg_chamrin_arrival_tetris, layout_basic
D:2:      layout_loops_corners, serial_shops, nicolae_lakefront_shop,
          lightli_corner_chamber
D:3:      kennysheep_six_static_rooms, layout_loops_ring
D:4:      nicolae_BIG_FREAKIN_CUBE, layout_basic,
          nicolae_qazlal_beasts_of_the_sky, ebering_ghost_sewer_d

Skill      XL: |  1  2  3  4 |
---------------+-------------+-----
Ranged Weapons | 3 4 |  4.9
Fighting       | 2 |  2.0
Armour         | 1 |  1.3
Dodging        | |  1.5
Spellcasting   | |  1.0
Hexes          | |  2.6

Action                     |  1- 3 |  4- 6 || total
---------------------------+-------+-------++-------
   Fire: Sling             |   116 |   120 ||   236
    Use: Scroll            |     4 |     6 ||    10
         Potion            |     1 |       ||     1
 Armour: Robe              |     6 |       ||     6
         Leather armour    |    10 |     1 ||    11
         Ring mail         |       |    61 ||    61
  Dodge: Dodged            |    27 |    81 ||   108

Table legend:
 A = Non-vault XP
 B = Vault XP
 C = Vault XP percentage of total XP
 D = Non-vault monster count
 E = Vault monster count
 F = Vault count percentage of total count
                 A         B        C        D         E       F
            +---------+---------+-------+---------+---------+-------
      Total |     199 |      22 |  10.0 |      52 |       6 |  10.3
            +---------+---------+-------+---------+---------+-------
        D:1 |      35 |       0 |   0.0 |      22 |       0 |   0.0
        D:2 |      52 |       0 |   0.0 |      15 |       0 |   0.0
        D:3 |      56 |      22 |  28.2 |      10 |       6 |  37.5
        D:4 |      56 |       0 |   0.0 |       5 |       0 |   0.0
            +---------+---------+-------+---------+---------+-------
